 Dungeon Crawl Stone Soup version 0.28-a0-998-gb9e9c7b67e (webtiles) character file.

Game seed: 16592583906252506391

134 r3xj the Skirmisher (level 4, -2/61 HPs)
             Began as a Minotaur Berserker on Dec 6, 2021.
             Was a Believer of Trog.
             Slain by a goblin (4 damage)
             ... led by Robin
             ... on level 4 of the Dungeon.
             The game lasted 00:02:44 (2047 turns).

r3xj the Skirmisher (Minotaur Berserker)            Turns: 2047, Time: 00:02:45

Health: -2/61      AC:  2    Str: 22    XL:     4   Next: 95%
Magic:  3/3        EV: 12    Int:  4    God:    Trog [**....]
Gold:   102        SH:  0    Dex: 11    Spells: 3/3 levels left

rFire   . . .      SeeInvis .   a - +0 hand axe
rCold   . . .      Faith    .   (no shield)
rNeg    . . .      Spirit   .   b - +0 animal skin
rPois   .          Reflect  .   (helmet restricted)
rElec   .          Harm     .   (no cloak)
rCorr   .          Rampage  .   (no gloves)
Will    .....                   (no boots)
Stlth   ..........              (no amulet)
HPRegen 0.20/turn               (no ring)
MPRegen 0.08/turn               (no ring)

@: berserking, lethally poisoned (-2 -> -11), very quick
A: horns 2, retaliatory headbutt
a: Renounce Religion, Berserk, Trog's Hand


You were on level 4 of the Dungeon.
You worshipped Trog.
Trog was pleased with you.
You visited 1 branch of the dungeon, and saw 4 of its levels.

You collected 122 gold pieces.
You spent 20 gold pieces at shops.

Inventory:

Hand Weapons
 a - a +0 hand axe (weapon)
Armour
 b - a +0 animal skin (worn)
Jewellery
 e - a ring of flight
Scrolls
 c - 2 scrolls of identify
 f - a scroll of teleportation {unknown}
 h - a scroll of blinking {unknown}
 j - a scroll of torment {unknown}
Potions
 d - 3 potions of curing {unknown}
 g - a potion of lignification {unknown}
 i - a potion of heal wounds {unknown}
 k - a potion of invisibility {unknown}


   Skills:
 + Level 4.6 Fighting
 + Level 4.6 Axes
 + Level 3.7 Armour
 + Level 3.3 Dodging


You had 3 spell levels left.
You didn't know any spells.
Your spell library was empty.

Dungeon Overview and Level Annotations

Branches:
Dungeon (4/15)
 Temple: D:4-7

Altars:

Shops:
D:2 (   D:4 *

Portals:
Sewer: D:4

Annotations:
D:4 Robin


Innate Abilities, Weirdness & Mutations

You have a pair of horns on your head.
You reflexively headbutt those who attack you in melee.


Message History

Robin hits you from afar with a +0 spear of venom.
The adder bites you.
You are more poisoned.
The adder poisons you!
A red film seems to cover your vision as you go berserk!
You feel yourself moving faster!
You feel mighty!
* * * LOW HITPOINT WARNING * * *
You feel very sick. The hobgoblin hits you.
* * * LOW HITPOINT WARNING * * *
The hobgoblin barely misses you. The adder closely misses you.
You slash the adder!
You kill the adder!
Trog accepts your kill.
You hit the hobgoblin.
You kill the hobgoblin!
Trog accepts your kill.
You hit the hobgoblin.
You kill the hobgoblin!
Trog accepts your kill.
* * * LOW HITPOINT WARNING * * *
You feel very sick.
You are too berserk!
You barely miss the hobgoblin. You closely miss the hobgoblin.
You slash the goblin!
You kill the goblin!
Trog accepts your kill.
* * * LOW HITPOINT WARNING * * *
You feel sick. Robin throws the goblin at you!
* * * LOW HITPOINT WARNING * * *
The hobgoblin hits you.
* * * LOW HITPOINT WARNING * * *
You slash the hobgoblin!
You kill the hobgoblin!
Trog accepts your kill.
You closely miss the goblin. You hit the hobgoblin.
* * * LOW HITPOINT WARNING * * *
You feel sick. The hobgoblin completely misses you.
The goblin hits you with a +0 dagger.
You die...

#.##.##.#####.
#............
#..#######..#
#..#≈≈≈≈≈#..#
#..#≈≈∩≈≈B..#
#..#≈≈≈≈≈#Sg#
#.#######†.#
#......g@g#
#####.##### ##
#.# ...
######.# ....
#......#
....####.######
.......#.#
.........#
.##.##.###


You could see Robin, an adder, a giant cockroach, a hobgoblin (strong) and a
goblin (strong).

Vanquished Creatures
  An iguana (D:4)
  6 adders
  A worm (D:2)
  A dart slug (D:1)
  3 endoplasms
  2 giant cockroaches (D:2)
  12 goblins
  8 hobgoblins
  4 kobolds
  2 quokkas
  4 ball pythons
  4 bats
  2 frilled lizards
  3 rats
53 creatures vanquished.

Vanquished Creatures (others)
  4 plants (D:4)
4 creatures vanquished.

Grand Total: 57 creatures vanquished

Notes
Turn   | Place    | Note
-------+----------+-------------------------------------------
     0 | D:1      | r3xj the Minotaur Berserker began the quest for the Orb.
     0 | D:1      | Reached XP level 1. HP: 19/19 MP: 0/0
   266 | D:1      | Reached XP level 2. HP: 13/27 MP: 1/1
   914 | D:1      | Found a faded altar of an unknown god.
  1030 | D:2      | Reached XP level 3. HP: 27/33 MP: 2/2
  1366 | D:2      | Found Xystifiw's Weapon Boutique.
  1536 | D:2      | Reached ** piety under Trog
  1563 | D:2      | Reached XP level 4. HP: 36/41 MP: 3/3
  2001 | D:4      | Found Hacurr's General Store.
  2009 | D:4      | Bought a scroll of identify for 20 gold pieces
  2028 | D:4      | Found a glowing drain.
  2031 | D:4      | Noticed Robin
  2047 | D:4      | HP: 2/61 [poisoned by an adder]
  2047 | D:4      | Slain by a goblin

Illustrated notes

Levels and vault maps discovered:
D:1:      saegor_arrival_miasma, layout_basic,
          hellmonk_ecumenical_altar_prayer_group
D:2:      layout_rooms, serial_shops, nicolae_shop_bloodbath_and_beyond,
          dk_vineyard_1, hangedman_abyss_or_decor_stabs, minmay_close_crescents
D:3:      layout_rooms, mainiacjoe_overflow_24_doors,
          chequers_temple_overflow_minitemple, gammafunk_ghost_abyssal_escape,
          dk_noncrumbling_4
D:4:      layout_loops_cross, serial_shops, nicolae_shop_advertising_works
          [nicolae_subvault_shop_adworks], nicolae_shop_overgrown_old_shop,
          shop, nicolae_take_the_stairs, gup_sewer_entry_glass, uniq_robin

Skill      XL: |  1  2  3 |
---------------+----------+-----
Fighting       | 4 |  4.6
Axes           | 4 |  4.6
Armour         | 3 |  3.7
Dodging        | 3 |  3.3

Action                   |  1- 3 |  4- 6 || total
-------------------------+-------+-------++-------
Melee: Hand axe          |    63 |    26 ||    89
       Headbutt          |     8 |     5 ||    13
Invok: Berserk           |       |     1 ||     1
 Stab: Sleeping          |     1 |       ||     1
Armor: Animal skin       |    11 |       ||    11
Dodge: Dodged            |    34 |    22 ||    56

Table legend: (Time is in decaauts)
 A = Elapsed time spent in this place.
 B = Non-inter-level travel time spent in this place.
 C = Inter-level travel time spent in this place.
 D = Time resting spent in this place.
 E = Time spent auto-exploring this place.
 F = Levels seen in this place.
 G = Mean time per level.
                   A        B        C        D        E       F      G
               +--------+--------+--------+--------+--------+-----+--------+
         Total |   2055 |   1990 |     65 |      0 |   1754 |   4 |  513.8 |
       Dungeon |   2055 |   1990 |     65 |      0 |   1754 |   4 |  513.8 |
               +--------+--------+--------+--------+--------+-----+--------+

Top non-repeatable levels by time:
     D:1: 1025 daAuts
     D:2: 856 daAuts
     D:4: 170 daAuts
     D:3: 2 daAuts
